 Dungeon Crawl Stone Soup version 0.20-a0-1122-gb7cbeb9 (webtiles) character file.

77 Alarkh the Digger (level 4, 30/30 HPs)
             Began as a Demonspawn Earth Elementalist on May 14, 2017.
             Got out of the dungeon alive.
             The game lasted 00:02:13 (2382 turns).

Alarkh the Digger (Demonspawn Earth Elementalist)   Turns: 2382, Time: 00:02:13

Health: 30/30      AC:  2    Str:  8    XL:     4   Next: 13%
Magic:  8/8        EV: 12    Int: 18    God:
Gold:   99         SH:  0    Dex: 13    Spells: 3/9 levels left

rFire    . . .     SeeInvis .   a - +1 spear (venom)
rCold    . . .     Gourm    .   (no shield)
rNeg     . . .     Faith    .   c - +0 robe
rPois    .         Spirit   +   (no helmet)
rElec    .         Reflect  .   (no cloak)
rCorr    .         Harm     .   (no gloves)
MR       .....                  (no boots)
Stlth    ++........             (no amulet)
Regen    0.1/turn               (no ring)
MPRegen  0.2/turn               (no ring)

@: no status effects
A: magic shield, sturdy frame 1
a: no special abilities


You escaped.
You were hungry.

You visited 1 branch of the dungeon, and saw 3 of its levels.

You collected 99 gold pieces.

Inventory:

Hand Weapons
 a - a +1 spear of venom (weapon)
Missiles
 b - 71 stones (quivered)
Armour
 c - a +0 robe (worn)
Scrolls
 f - 2 scrolls of identify {unknown}
 g - a scroll of random uselessness {unknown}
 j - 4 scrolls of teleportation {unknown}
 p - a scroll of enchant weapon {unknown}
Potions
 h - 2 potions of magic {unknown}
 i - 3 potions of lignification {unknown}
Books
 e - a book of Geomancy

   Spells                             Type                      Level
   a - Sandblast                      Earth                        1
   b - Passwall                       Transmutation/Earth          2
   c - Stone Arrow                    Conjuration/Earth            3
   d - Petrify                        Transmutation/Earth          4
   e - Lee's Rapid Deconstruction     Earth                        5
Comestibles
 d - 3 bread rations
 k - a meat ration
 m - 4 royal jellies


   Skills:
 - Level 1.7 Dodging
 - Level 1.7 Stealth
 + Level 3.1 Spellcasting
 - Level 0.8 Transmutations
 + Level 3.7 Earth Magic


You had 3 spell levels left.
You knew the following spells:

 Your Spells              Type           Power        Failure   Level  Hunger
a - Sandblast             Erth           ###...       3%          1    None
b - Passwall              Tmut/Erth      ##........   10%         2    ##.....
c - Stone Arrow           Conj/Erth      #.....       22%         3    ###....


Dungeon Overview and Level Annotations

Branches:
Dungeon (3/15)

Altars:


Innate Abilities, Weirdness & Mutations

When hurt, damage is shared between your health and your magic reserves.
Your movements are slightly less encumbered by armour. (ER -2)


Message History

You see here a stone.
No target in view!
No target in view!
Why would you want to do that?
Attack whom?
Press: ? - help, Dir - move target cursor, f - kobold
Aim: a kobold You reach to attack!
You hit the kobold.
The kobold is poisoned.
The kobold is moderately wounded.
You kill the kobold!
No target in view!
No target in view!
(D) Dungeon
Where to? (Enter - D:1 @ (x,y), ? - help)
b - 71 stones (gained 1)
You see here 12 bolts.
There is an open door here.
There is a staircase leading out of the dungeon here.
Are you sure you want to leave the Dungeon?
This will make you lose the game!
You have escaped!

#.#.##...........##≈≈≈#'..#
##.#.##....#....(.#.....#.##
#..#.##....#......≈.....≈.#
#.##.##....#...[..≈†.⌠..≈.#
#.##.###...#......#.....#.#
#.......#..###≈≈≈###≈≈≈####
#.......###.#.....#......#######
##.......##..≈..⌠.§§..(...#......
#........)..(≈..@.§§......#######
#.#..>...##..#....§#.....[###
#.#......##..'#≈≈§##........# ###
#.#......##........######...###..
#.#......##########)........##..#
...####### #............## ...#
#.........#####
...################..............
............................#####


There were no monsters in sight!

Vanquished Creatures
  An adder (D:2)
  2 oozes
  3 worms (D:2)
  3 leopard geckos
  2 ball pythons
  7 bats
  2 giant cockroaches (D:1)
  4 goblins
  3 hobgoblins
  6 jackals
  8 kobolds
  2 frilled lizards
  A rat (D:1)
44 creatures vanquished.

Notes
Turn   | Place    | Note
-------+----------+-------------------------------------------
     0 | D:1      | Alarkh the Demonspawn Earth Elementalist began the quest for the Orb.
     0 | D:1      | Reached XP level 1. HP: 13/13 MP: 3/3
   215 | D:2      | Gained mutation: Your movements are slightly less encumbered by armour. (ER -2) [demonic ancestry]
   215 | D:2      | Reached XP level 2. HP: 19/19 MP: 3/5
   675 | D:1      | Reached XP level 3. HP: 24/24 MP: 7/7
   774 | D:1      | Learned a level 2 spell: Passwall
   778 | D:1      | Learned a level 3 spell: Stone Arrow
  2040 | D:3      | Gained mutation: When hurt, damage is shared between your health and your magic reserves. [demonic ancestry]
  2040 | D:3      | Reached XP level 4. HP: 9/30 MP: 3/8
  2382 | D:$      | Got out of the dungeon alive.

Vault maps used:
D:1:      dpeg_arrival_rooms_with_view
D:2:      first_bread, minmay_misc_feat_rugged
D:3:      lemuel_round_altar, chequers_ecumenical_altar_simple, hex_medium

Skill      XL: |  1  2  3 |
---------------+----------+-----
Earth Magic    | 3 |  3.7
Spellcasting   | 3 |  3.1
Dodging        | |  1.7
Stealth        | |  1.7
Transmutations | |  0.8

Action                   |  1- 3 |  4- 6 || total
-------------------------+-------+-------++-------
Melee: Unarmed           |     2 |       ||     2
       Spear             |    78 |     6 ||    84
 Cast: Sandblast         |    27 |     4 ||    31
  Use: Potion            |       |     2 ||     2
 Stab: Sleeping          |     8 |     1 ||     9
  Eat: Chunk             |     4 |       ||     4
Armor: Robe              |    27 |     4 ||    31
Dodge: Dodged            |    75 |     4 ||    79
